 Dungeon Crawl Stone Soup version 0.29.0-4-gdea44cf6ec (webtiles) character file.

Game seed: 3801010713863630349

36 qw the Chopper (level 3, 0/21 HPs)
             Began as a Tengu Warper on Aug 28, 2022.
             Succumbed to their own poison gas
             ... on level 2 of the Dungeon.
             The game lasted 00:00:08 (1850 turns).

qw the Chopper (Tengu Warper)                       Turns: 1850, Time: 00:00:08

Health: 0/21       AC:  9    Str: 13    XL:     3   Next: 37%
Magic:  7/7        EV:  5    Int: 13    God:
Gold:   53         SH:  4    Dex: 13    Spells: 6/6 levels left

rFire   . . .      SeeInvis .   Y - +1 hand axe
rCold   . . .      Faith    .   f - +0 buckler
rNeg    . . .      Spirit   .   b - +0 chain mail
rPois   .          Reflect  .   (helmet restricted)
rElec   .          Harm     .   g - +0 cloak
rCorr   .          Rampage  .   (no gloves)
Will    .....                   (boots unavailable)
Stlth   ..........              (no amulet)
HPRegen 0.07/turn               (no ring)
MPRegen 0.10/turn               (no ring)

@: lethally poisoned (0 -> -8)
A: beak, talons 3
a: no special abilities


You were on level 2 of the Dungeon.
You visited 1 branch of the dungeon, and saw 2 of its levels.

You collected 111 gold pieces.
You spent 58 gold pieces at shops.


Innate Abilities, Weirdness & Mutations

You have a beak for a mouth.
You have claws for feet.


   Skills:
 - Level 2.0 Fighting
 + Level 3.8 Axes
 - Level 1.0 Throwing
 - Level 1.1 Armour
 - Level 2.1 Dodging
 - Level 1.0 Shields
 - Level 2.0 Spellcasting
 - Level 2.4 Translocations


You had 6 spell levels left.
You didn't know any spells.
Your spell library contained the following spells:

 Spells                   Type           Power      Damage    Failure   Level
 Blink                    Tloc           14%        N/A       100%        2
 Gell's Gravitas          Tloc           7%         N/A       100%        3
 Lesser Beckoning         Tloc           7%         N/A       100%        3
 Teleport Other           Tloc           7%         N/A       100%        3
 Manifold Assault         Tloc           7%         N/A       100%        5

Inventory:

Hand Weapons
 d - a +0 club
 Y - a +1 hand axe (weapon)
Armour
 b - a +0 chain mail (worn)
 f - a +0 buckler (worn)
 g - a +0 cloak (worn)
Potions
 c - a potion of lignification {unknown}
 k - a potion of might {unknown}

Dungeon Overview and Level Annotations

Branches:
Dungeon (2/15)

Altars:
Uskayaw

Shops:
D:1 =   D:2 [


Message History

Done exploring.
1840 ||| READING 2 scrolls labelled MAMUEMAECO.
As you read the scroll labelled MAMUEMAECO, it crumbles to dust.
You assume a fearsome visage.
Nothing appears to happen.
It was a scroll of fear.
Done exploring.
1841 ||| READING scroll labelled BILYSO ZYAT.
As you read the scroll labelled BILYSO ZYAT, it crumbles to dust.
You feel strangely unstable.
It was a scroll of teleportation.
You start waiting.
Your surroundings suddenly seem different.
Done exploring.
1844 ||| READING scroll labelled RIROBLAHED.
As you read the scroll labelled RIROBLAHED, it crumbles to dust.
It is a scroll of enchant weapon.
Your +0 hand axe glows red for a moment.
Done exploring.
1845 ||| READING scroll labelled PEOTA VOMUUZEY.
The air fills with toxic fumes!
As you read the scroll labelled PEOTA VOMUUZEY, it crumbles to dust.
It was a scroll of poison.
Done exploring.
1846 ||| DROPPING scroll of fear.
You drop a scroll of fear.
Done exploring.
(D) Dungeon
Where to? (* - list waypoints, Enter - D:2, ? - help)
What level of the Dungeon? (default 1, ? - help) Sorry, I don't know how to get there.
Done exploring.
1847 ||| Stepping randomly (stuck).
Really walk into that cloud of poison gas?
You are engulfed in poison gas.
You are poisoned.
You feel very sick.
1848 ||| Stepping ~*~*~tactically~*~*~ (cloud).
You feel very sick.
You see here a scroll of fear.
There is a lethal amount of poison in your body!
You feel very sick.
There is a lethal amount of poison in your body!
You die...

....%......#.#.#
..#............#
.............###
.##........#######
.######.##.###¤¤¤##
.# #.#.¤¤#¤0¤¤¤#
.######...¤¤¤¤0¤¤¤#
.....####...#¤¤¤¤¤#
####.# ##.###¤¤@##
#.# #.# ##¤##
####.# #.# #¤#
...#)# #.# #.#
...#.#####.# #.#
...........# #.#
...#.####### #.#
.....# #.# ...#.#
#.#


There were no monsters in sight!

Vanquished Creatures
  An adder (D:2)
  A bat (D:1)
  2 endoplasms
  2 giant cockroaches (D:1)
  5 goblins
  3 hobgoblins (D:1)
  2 kobolds (D:1)
  A quokka (D:2)
  2 ball pythons (D:1)
  3 rats
22 creatures vanquished.

Notes
Turn   | Place    | Note
-------+----------+-------------------------------------------
     0 | D:1      | qw the Tengu Warper began the quest for the Orb.
     0 | D:1      | Reached XP level 1. HP: 12/12 MP: 4/4
     0 | D:1      | 0 ||| qw: Version: 0.1-a-89-g26bdef1
     0 | D:1      | 0 ||| qw: Game counter: 2852
     0 | D:1      | 0 ||| qw: Always use a shield: true
     0 | D:1      | 0 ||| qw: God list: Okawaru
     0 | D:1      | 0 ||| qw: Allow faded altars: false
     0 | D:1      | 0 ||| qw: Do Orc after D:15 true
     0 | D:1      | 0 ||| qw: Do second Lair branch before Depths: true
     0 | D:1      | 0 ||| qw: Lair rune preference: random
     0 | D:1      | 0 ||| qw: Plans: Normal
     0 | D:1      | 0 ||| PLANNING D:1-11
    36 | D:1      | Found Laol's Jewellery Emporium.
    46 | D:1      | 46 ||| SHOPLISTING +4 ring of protection (432 gold, have
                  | 8).
    46 | D:1      | 46 ||| SHOPLISTING amulet of guardian spirit (360 gold,
                  | have 8).
    46 | D:1      | 46 ||| SHOPLISTING amulet of regeneration (360 gold, have
                  | 8).
    46 | D:1      | 46 ||| SHOPLISTING amulet of the acrobat (360 gold, have
                  | 8).
    46 | D:1      | 46 ||| SHOPLISTING ring of ice (300 gold, have 8).
    46 | D:1      | 46 ||| SHOPLISTING ring of positive energy (240 gold, have
                  | 8).
    46 | D:1      | 46 ||| SHOPLISTING ring of willpower (300 gold, have 8).
    57 | D:1      | 57 ||| Stepping ~*~*~tactically~*~*~ (stealth).
    65 | D:1      | HP: 2/12 [goblin/+0 dagger (2)]
    68 | D:1      | Reached XP level 2. HP: 4/17 MP: 6/6
    69 | D:1      | Reached skill level 3 in Axes
   344 | D:1      | Noticed a floating eye
   348 | D:1      | Noticed a great orb of eyes
   350 | D:1      | Found a faded altar of an unknown god.
   586 | D:1      | Found a hide-covered altar of Uskayaw.
   794 | D:1      | Noticed a shining eye
   877 | D:1      | Noticed a shining eye
   918 | D:1      | 918 ||| UPGRADING to +0 buckler.
   923 | D:1      | 923 ||| UPGRADING to +0 scale mail.
   933 | D:1      | 933 ||| DROPPING +0 leather armour.
   934 | D:1      | 934 ||| READING scroll labelled ENGURY LUS TAR.
   935 | D:1      | 935 ||| READING scroll labelled NUGIMA FUVYA.
   936 | D:1      | 936 ||| READING 3 scrolls labelled MOKHUT OHAOCW.
   937 | D:1      | 937 ||| DROPPING scroll of blinking.
   938 | D:1      | 938 ||| DROPPING 2 scrolls of amnesia.
  1000 | D:2      | 1000 ||| Stepping ~*~*~tactically~*~*~ (stealth).
  1025 | D:2      | Found Foguirchar's Armour Emporium.
  1040 | D:2      | 1040 ||| BUYING +0 chain mail (58 gold).
  1040 | D:2      | Bought a +0 chain mail for 58 gold pieces
  1040 | D:2      | 1040 ||| SHOPLISTING +0 gold dragon scales (1040 gold, have
                  | 18).
  1040 | D:2      | 1040 ||| SHOPLISTING +0 ice dragon scales (780 gold, have
                  | 18).
  1040 | D:2      | 1040 ||| SHOPLISTING +2 buckler of reflection (240 gold,
                  | have 18).
  1140 | D:2      | 1140 ||| Stepping ~*~*~tactically~*~*~ (stealth).
  1141 | D:2      | 1141 ||| Stepping ~*~*~tactically~*~*~ (stealth).
  1150 | D:2      | Reached XP level 3. HP: 16/21 MP: 7/7
  1363 | D:2      | Reached skill level 1 in Shields
  1723 | D:2      | 1723 ||| UPGRADING to +0 chain mail.
  1733 | D:2      | 1733 ||| UPGRADING to +0 cloak.
  1738 | D:2      | 1738 ||| DROPPING +0 scale mail.
  1739 | D:2      | 1739 ||| READING scroll labelled QOREGI BUIFYV.
  1840 | D:2      | 1840 ||| READING 2 scrolls labelled MAMUEMAECO.
  1841 | D:2      | 1841 ||| READING scroll labelled BILYSO ZYAT.
  1844 | D:2      | 1844 ||| READING scroll labelled RIROBLAHED.
  1845 | D:2      | 1845 ||| READING scroll labelled PEOTA VOMUUZEY.
  1846 | D:2      | 1846 ||| DROPPING scroll of fear.
  1847 | D:2      | 1847 ||| Stepping randomly (stuck).
  1848 | D:2      | 1848 ||| Stepping ~*~*~tactically~*~*~ (cloud).
  1848 | D:2      | HP: 5/21 [poisoned by you (poison gas)]
  1849 | D:2      | HP: 2/21 [poisoned by you (poison gas)]
  1850 | D:2      | Succumbed to their own poison gas

Levels and vault maps discovered:
D:1:      minmay_arrival_doors, layout_basic, serial_shops,
          nicolae_shop_advertising_works [nicolae_subvault_shop_adworks],
          hellmonk_ecumenical_altar_watching_god, minmay_misc_feat_hallway,
          minmay_hexomino_r4
D:2:      layout_loops_ring, serial_shops, shop

Skill      XL: |  1  2  3 |
---------------+----------+-----
Axes           | 3 |  3.8
Shields        | 1 |  1.0
Fighting       | |  2.0
Throwing       | |  1.0
Armour         | |  1.1
Dodging        | |  2.1
Spellcasting   | |  2.0
Translocations | |  2.4

Action                   || total
-------------------------++-------
Melee: Hand axe          ||    54
       Kick              ||    11
       Peck              ||     2
Throw: Boomerang         ||     7
  Use: Scroll            ||     8
Armor: Leather armour    ||    10
       Scale mail        ||    10
Dodge: Dodged            ||    28
Block: Buckler           ||     4

Table legend:
 A = Non-vault XP
 B = Vault XP
 C = Vault XP percentage of total XP
 D = Non-vault monster count
 E = Vault monster count
 F = Vault count percentage of total count
                 A         B        C        D         E       F
            +---------+---------+-------+---------+---------+-------
      Total |      48 |       4 |   7.7 |      20 |       2 |   9.1
            +---------+---------+-------+---------+---------+-------
        D:1 |      24 |       4 |  14.3 |      13 |       2 |  13.3
        D:2 |      24 |       0 |   0.0 |       7 |       0 |   0.0
            +---------+---------+-------+---------+---------+-------
